 Dungeon Sprint DCSS version 0.31-a0-879-g1609e0ac53 (webtiles) character file.

Game seed: 17962591329644243527

10 rocky1 the Ducker (level 2, -2/24 HPs)
             Began as a Djinni Gladiator on Oct 15, 2023.
             Was an Initiate of Gozag.
             Slain by a water moccasin (7 damage)
             ... in the Dungeon (Sprint II: "The Violet Keep of Menkaure").
             The game lasted 00:00:42 (148 turns).

rocky1 the Ducker (Djinni Gladiator)                 Turns: 148, Time: 00:00:43

Health: -2/24      AC:  5    Str: 13    XL:     2   Next: 30%
Gold:   243        EV: 13    Int:  9    God:    Gozag SH:  0 Dex: 14

rFire   + + .        a - +0 long sword
rCold   . . .        (no shield)
rNeg    . . .        k - +2 robe {rC+}
rPois   ∞            c - +0 helmet
rElec   .            (no cloak)
rCorr   .            (no gloves)
SInv    .            (boots unavailable)
Will    .....        (no amulet)
Stlth   +            (no ring)
HPRegen 0.24/turn    (no ring)
MPRegen 0.00/turn

%: no teleportation, infuse magic (-3 HP)
@: flying
A: sickness immunity, fire resistance 2, cold vulnerability 1, float, innate
caster, HP casting, extra vitality 1
a: Renounce Religion, Potion Petition, Call Merchant, Bribe Branch


You were in the Dungeon.
You worshipped Gozag.
Gozag was aware of your devotion.
You visited 1 branch You collected 243 gold pieces.

Inventory:

Hand Weapons
 a - a +0 long sword (weapon)
Missiles
 d - 2 throwing nets (quivered)
 e - a javelin
Armour
 b - a +0 leather armour
 c - a +0 helmet (worn)
 k - a +2 robe of cold resistance (worn)
Scrolls
 j - a scroll of blinking
Potions
 f - a potion of curing
 g - a potion of heal wounds
 h - a potion of haste
 i - a potion of berserk rage


   Skills:
 + Level 2.4 Fighting
 + Level 3.6 Long Blades
 + Level 2.0 Throwing
 + Level 4.3 Dodging You didn't know any spells. Your spell library was empty.

Dungeon Overview and Level Annotations

Branches:
Dungeon (1/1)

Altars:
Cheibriados
Dithmenos
Elyvilon
Fedhas
Gozag
Hepliaklqana
Makhleb
Nemelex Xobeh
Okawaru
Qazlal
Ru
Trog
Uskayaw
Wu Jian
Xom
Yredelemnul
Zin
The Shining One
Jiyva
Lugonu


Innate Abilities, Weirdness & Mutations

You are immune to sickness and miasma.
You are immune to poison.
Your flesh is very heat resistant. (rF++)
You are vulnerable to cold. (rC-)
You float through the air rather than walking.
You learn spells naturally, not from books.
Your magical power is your life essence.
You have superior vitality. (+4 MHP)


Message History

The flying skull gives a hideous shriek! x3
You hear a hideous shriek!
You reach down and open the door.
Found a runed robe.
There is an open door here.
You see here a +2 robe of cold resistance.
k - a +2 robe of cold resistance You start removing your armour.
You continue taking off your +0 leather armour.
The walls and floor vibrate strangely for a moment.
You continue taking off your +0 leather armour. x3
You finish taking off your +0 leather armour.
You start putting on your armour.
You continue putting on your +2 robe of cold resistance. x5
You finish putting on your +2 robe of cold resistance.
You feel resistant to cold.
Unknown command.
There is an open door here.
A water moccasin comes into view.
The water moccasin hisses angrily.
You hit the water moccasin.
The water moccasin is lightly wounded.
The water moccasin misses you. The water moccasin closely misses you.
You completely miss the water moccasin.
The water moccasin is lightly wounded.
The water moccasin bites you.
You miss the water moccasin.
The water moccasin is lightly wounded.
The water moccasin bites you! The water moccasin barely misses you.
You hit the water moccasin but do no damage.
The water moccasin barely misses you. The water moccasin closely misses you.
You hit the water moccasin.
The water moccasin is lightly wounded.
The water moccasin bites you!
* * * LOW HITPOINT WARNING * * *
You miss the water moccasin.
The water moccasin is lightly wounded.
The water moccasin bites you!
You die...
Your body crumbles into a pile of gold.

+.<.+# +..### ..### ▓?))
##.##B..#....###...##▓▓▓▓
##†# .##......~~~~~~~~~~
##..#####~~.....~#'#######
#..##†#~~~~~§~..~#_._._...
##.#.##~~~§§~§~.~#._._._._
#~~##'##~~~§§§§§~~§#_._._._.
#~~~~~~~~~§§≈≈§§~~#._._._._
#+++#+++#S@≈≈≈§§≈~#.._._._.
≈≈SS ##§§§###§≈#..._._._
≈≈S≈≈≈ ##§§#.#§≈#...._._.
+≈≈SS≈≈§≈ +§≈#'#≈≈#....._..
##≈≈≈≈≈≈≈ #≈≈≈≈≈≈≈#########
##≈§§≈≈§≈ ##########~~~~~~~~
####+ #.zzzzzz###~####
#...zzzzz°##~#
+.....§.°°..+~#


You could see a water moccasin.

Vanquished Creatures
  3 worms (D)
3 creatures vanquished.

Notes
Turn   | Place    | Note
-------+----------+-------------------------------------------
     0 | D        | rocky1 the Djinni Gladiator began the quest for the Orb.
     0 | D        | Reached XP level 1. HP: 18/18 MP: 0/0
     1 | D        | Noticed a boulder beetle
     1 | D        | Noticed a boulder beetle
    18 | D        | Reached skill level 4 in Dodging
    18 | D        | Reached XP level 2. HP: 11/24 MP: 0/0
    70 | D        | Noticed an electric eel
    70 | D        | Noticed an electric eel
    71 | D        | Noticed an electric eel
    71 | D        | Noticed an electric eel
    71 | D        | Noticed an electric eel
    71 | D        | Noticed an electric eel
    81 | D        | Noticed an electric eel
    81 | D        | Noticed an electric eel
    84 | D        | Noticed a flying skull
    85 | D        | Noticed a flying skull
    88 | D        | Found an iron altar of Okawaru.
    88 | D        | Found an opulent altar of Gozag.
    89 | D        | Found a blossoming altar of Fedhas.
    89 | D        | Found a sparkling altar of Nemelex Xobeh.
    90 | D        | Found a burning altar of Makhleb.
    90 | D        | Found a white marble altar of Elyvilon.
    91 | D        | Found a hide-covered altar of Uskayaw.
    91 | D        | Found a corrupted altar of Lugonu.
    91 | D        | Found a shadowy altar of Dithmenos.
    92 | D        | Found a glowing silver altar of Zin.
    92 | D        | Found a bloodstained altar of Trog.
    92 | D        | Found a snail-covered altar of Cheibriados.
    93 | D        | Found a basalt altar of Yredelemnul.
    93 | D        | Found a viscous altar of Jiyva.
    94 | D        | Found a shimmering altar of Xom.
    94 | D        | Found a sacrificial altar of Ru.
    96 | D        | Found a glowing golden altar of the Shining One.
    96 | D        | Found an ornate altar of the Wu Jian Council.
    96 | D        | Found a stormy altar of Qazlal.
    96 | D        | Found a hazy altar of Hepliaklqana.
   100 | D        | Became a worshipper of Gozag Ym Sagoz the Greedy
   112 | D        | Noticed a flying skull
   114 | D        | Noticed a flying skull
   114 | D        | Noticed a flying skull
   114 | D        | Noticed a flying skull
   114 | D        | Noticed a flying skull
   114 | D        | Noticed a flying skull
   115 | D        | Noticed a flying skull
   115 | D        | Noticed a flying skull
   115 | D        | Noticed a flying skull
   116 | D        | Noticed a flying skull
   141 | D        | Noticed a water moccasin
   148 | D        | Slain by a water moccasin

Illustrated notes

Levels and vault maps discovered:
D:        the_violet_keep_of_menkaure [sprint2_stairs_cluster_1,
          sprint2_shoproom, sprint2_temple, sprint2_basic_supplies,
          sprint2_obstacle_7, sprint2_obstacle_1, sprint2_obstacle_2,
          sprint2_obstacle_6, sprint2_obstacle_3, sprint2_timed_cluster_1,
          sprint2_smallroom_cluster_1, sprint2_smallroom_final_cluster_1,
          sprint2_transparent_cluster_1, sprint2_second_timed_cluster_1,
          sprint2_sniper_area_1, sprint2_heavy_combat_area_1,
          sprint2_mutation_trap_area_1, sprint2_forest_area_1,
          sprint2_light_combat_area_1, sprint2_behind_water_1,
          sprint2_near_end_vault_1]

Skill      XL: |  1  2 |
---------------+-------+-----
Long Blades    | 3 |  3.6
Dodging        | 4 |  4.3
Throwing       | 2 |  2.0
Fighting       | |  2.4

Action                     || total
---------------------------++-------
  Melee: Long sword        ||    22
  Throw: Throwing net      ||     1
   Stab: Sleeping          ||     1
 Armour: Leather armour    ||     2
         Robe              ||     4
  Dodge: Dodged            ||     8

Table legend: (Time is in decaauts)
 A = Elapsed time spent in this place.
 B = Non-inter-level travel time spent in this place.
 C = Inter-level travel time spent in this place.
 D = Time resting spent in this place.
 E = Time spent auto-exploring this place.
 F = Levels seen in this place.
 G = Mean time per level.
                   A        B        C        D        E       F      G
               +--------+--------+--------+--------+--------+-----+--------+
         Total |    152 |    152 |      0 |     46 |      0 |   1 |  152.0 |
       Dungeon |    152 |    152 |      0 |     46 |      0 |   1 |  152.0 |
               +--------+--------+--------+--------+--------+-----+--------+

Top non-repeatable levels by time:
       D: 152 daAuts
